 Dungeon Crawl Stone Soup version 0.22.1-6-g1668fe2 (webtiles) character file.

37 Tiagovsky the Digger (level 3, 0/20 HPs)
             Began as a Gargoyle Earth Elementalist on Jan 19, 2019.
             Slain by a worm (2 damage)
             ... on level 2 of the Dungeon.
             The game lasted 00:06:03 (1743 turns).

Tiagovsky the Digger (Gargoyle Earth Elementalist)  Turns: 1743, Time: 00:06:03

Health: 0/20       AC:  5    Str: 11    XL:     3   Next: 39%
Magic:  6/6        EV: 12    Int: 16    God:
Gold:   60         SH:  0    Dex: 10    Spells: 6/7 levels left

rFire    . . .     SeeInvis .   i - +0 short sword
rCold    . . .     Gourm    .   (no shield)
rNeg     + . .     Faith    .   c - +0 robe
rPois    ∞         Spirit   .   (no helmet)
rElec    +         Reflect  .   (no cloak)
rCorr    .         Harm     .   (no gloves)
MR       .....                  (no boots)
Stlth    ++........             (no amulet)
HPRegen  0.06/turn              (no ring)
MPRegen  0.10/turn              (no ring)

@: no status effects
A: negative energy resistance 1, electricity resistance, unbreathing,
petrification resistance, rot immunity, AC +3
a: no special abilities


You were on level 2 of the Dungeon.
You were not hungry.

You visited 1 branch of the dungeon, and saw 2 of its levels.

You collected 60 gold pieces.

Inventory:

Hand Weapons
 i - a +0 short sword (weapon)
Missiles
 b - 25 stones (quivered)
Armour
 c - a +0 robe (worn)
Scrolls
 f - a scroll of fog {unknown}
 h - 3 scrolls of remove curse
Potions
 e - a potion of magic
 g - a potion of heal wounds {unknown}
Comestibles
 a - 2 chunks of flesh
 d - 2 rations


   Skills:
 + Level 1.6 Fighting
 - Level 1.5 Dodging
 - Level 2.1 Stealth
 + Level 2.5 Spellcasting
   Level 0.7 Transmutations
 + Level 4.2 Earth Magic


You had 6 spell levels left.
You knew the following spells:

 Your Spells              Type           Power        Failure   Level  Hunger
a - Sandblast             Erth           ###...       3%          1    #......

Your spell library contained the following spells:

 Spells                   Type           Power        Failure   Level  Hunger
 Passwall                 Tmut/Erth      ##......     11%         2    ##.....
 Stone Arrow              Conj/Erth      #.....       24%         3    ###....
 Petrify                  Tmut/Erth      ##......     56%         4    #####..
 Lee's Rapid Deconstruct  Erth           ###.......   67%         5    ######.


Dungeon Overview and Level Annotations

Branches:
Dungeon (2/15)

Altars:


Innate Abilities, Weirdness & Mutations

You are resistant to torment.
Your stone body is resilient. (AC +3)
You are immune to poison.
You resist negative energy. (rN+)
You are resistant to electric shocks. (rElec)
You can survive without breathing.
You are immune to petrification.
You are immune to rotting.


Message History

The worm is heavily wounded.
The worm barely misses you.
You hit the worm.
The worm is severely wounded.
You hit the worm but do no damage.
The worm is severely wounded.
The worm bites you!
* * * LOW HITPOINT WARNING * * *
You hit the worm but do no damage.
The worm is heavily wounded.
The worm closely misses you.
You hit the worm.
The worm is severely wounded.
The worm closely misses you.
You hit the worm.
The worm is severely wounded.
You hit the worm but do no damage.
The worm is severely wounded.
The worm bites you.
You die...

#.####### ## ...#...#
#.# .###### #.....#
##..# ...)..###
#....##.....
#####...######...#......
###.................
########..........
#.......... #..@.......
#....w...... #
#.####...... .# #.
#..... ..# .. ##### >
#.# .. .#


You could see a worm.

Vanquished Creatures
  An ooze (D:2)
  A ball python (D:2)
  A giant cockroach (D:1)
  7 goblins
  4 hobgoblins
  4 jackals
  2 kobolds
  2 bats (D:2)
  4 frilled lizards (D:1)
  2 rats (D:1)
28 creatures vanquished.

Notes
Turn   | Place    | Note
-------+----------+-------------------------------------------
     0 | D:1      | Tiagovsky the Gargoyle Earth Elementalist began the quest
                  | for the Orb.
     0 | D:1      | Reached XP level 1. HP: 10/10 MP: 3/3
   382 | D:1      | Reached XP level 2. HP: 16/16 MP: 3/5
   456 | D:1      | Reached skill level 1 in Fighting
   724 | D:1      | Reached skill level 4 in Earth Magic
  1225 | D:2      | Reached XP level 3. HP: 19/20 MP: 3/6
  1743 | D:2      | Slain by a worm

Skill      XL: |  1  2 |
---------------+-------+-----
Fighting       | 1 |  1.6
Earth Magic    | 4 |  4.2
Dodging        | |  1.5
Stealth        | |  2.1
Spellcasting   | |  2.5
Transmutations | |  0.7

Action                   || total
-------------------------++-------
Melee: Unarmed           ||     8
       Dagger            ||    16
       Short sword       ||    32
 Cast: Sandblast         ||    38
  Use: Scroll            ||     3
  Eat: Chunk             ||     3
Armor: Robe              ||    25
Dodge: Dodged            ||    63
